AoeStats
← Booming I Promise

MegaRandom

509019264Analyzed
2v2 RM · 6d ago on Sep 25, 2026· 36m 14s· 4 players
Game mode
Random Map
Map size
Medium (4 player)
Population
200
Speed
Normal
Resources
Standard
Victory
Conquest
Starting age
Dark Age
Ending age
Imperial Age
RankedLock teamsTeams togetherTeam positionsShared explorationLock speedFull tech treeHidden civsTurbo modeCheats
Victory
Defeat
🇺🇸 Vietnamese · United States
1055
+16
🇺🇸 Magyars · United States
1054
+17
🇨🇱 Varangians · Chile
1092
-18
🇨🇱 Franks · Chile
1038
-15
Harvtown
3:03 Loom
10:41 Feudal Age
11:06 Double-Bit Axe
14:28 Wheelbarrow
17:32 Padded Archer Armor
19:42 Castle Age
17:51 Gold Mining
17:53 Stone Mining
20:01 Forging
19:44 Fletching
22:12 Horse Collar
26:56 Heavy Plow
31:52 Imperial Age
29:54 Leather Archer Armor
30:33 Bodkin Arrow
30:34 Crossbowman
32:34 Ballistics
35:30 Chemistry
33:55 Arbalester
34:43 Thumb Ring
34:40 Bracer
35:11 Ring Archer Armor
35:52 Hoardings
Booming I Promise
2:39 Loom
11:39 Feudal Age
12:20 Double-Bit Axe
17:59 Castle Age
18:42 Fletching
18:53 Padded Archer Armor
19:37 Bow Saw
27:29 Crossbowman
32:18 Ballistics
34:04 Wheelbarrow
34:07 Bodkin Arrow
34:28 Leather Archer Armor
34:31 Thumb Ring
Bomboroyo
1:26 Loom
11:10 Feudal Age
12:56 Double-Bit Axe
16:39 Castle Age
15:46 Gold Mining
15:46 Stone Mining
19:14 Wheelbarrow
19:13 Light Cavalry
22:12 Forging
22:07 Scale Barding Armor
25:00 Bow Saw
28:41 Husbandry
28:45 Fletching
33:30 Imperial Age
35:06 Conscription
Catamenio
3:53 Loom
11:08 Feudal Age
15:43 Castle Age
13:59 Double-Bit Axe
14:51 Scale Barding Armor
14:50 Stone Mining
18:54 Gold Mining
26:19 Horse Collar
27:35 Fletching
33:03 Imperial Age
31:55 Bow Saw
32:17 Forging
35:28 Conscription
Connection lost

Rejoining the realm…

Still unreachable

The connection could not be restored.

Session expired

The server has moved on; the page needs a fresh start.